 Dungeon Crawl Stone Soup version 0.24.0-37-gcf1ca852f1 (webtiles) character file.

Game seed: 13308041552776116583, levelgen mode: deterministic

28 Iamsoldier the Skirmisher (level 3, -4/29 HPs)
             Began as a Demonspawn Berserker on Nov 27, 2019.
             Was a Follower of Trog.
             Slain by a gnoll
             ... wielding a +0 whip
              (9 damage)
             ... on level 1 of the Dungeon.
             The game lasted 00:02:54 (1256 turns).

Iamsoldier the Skirmisher (Demonspawn Berserker)    Turns: 1256, Time: 00:02:55

Health: -4/29      AC:  2    Str: 18    XL:     3   Next: 0%
Magic:  3/3        EV: 12    Int:  8    God:    Trog [*.....]
Gold:   64         SH:  0    Dex: 12    Spells: 2/2 levels left

rFire    . . .     SeeInvis .     - Unarmed
rCold    . . .     Gourm    .   (no shield)
rNeg     . . .     Faith    .   a - +0 animal skin
rPois    .         Spirit   .   (no helmet)
rElec    .         Reflect  .   (no cloak)
rCorr    .         Harm     .   (no gloves)
MR       .....                  (no boots)
Stlth    ++........             (no amulet)
HPRegen  0.09/turn              (no ring)
MPRegen  0.08/turn              (no ring)

@: berserk cooldown, slowed, very slow
A: nightstalker 1, powered by death 1
a: Berserk, Renounce Religion


You were on level 1 of the Dungeon.
You worshipped Trog.
Trog was aware of your devotion.
You were hungry.

You visited 1 branch of the dungeon, and saw 2 of its levels.

You collected 64 gold pieces.

Inventory:

Armour
 a - a +0 animal skin (worn)
Scrolls
 d - a scroll of magic mapping
 e - a scroll of immolation {unknown}
Potions
 f - a potion of cancellation {unknown}
 g - a potion of brilliance {unknown}
 h - a potion of curing {unknown}
Comestibles
 b - 2 rations
 c - a chunk of flesh


   Skills:
 * Level 3.5 Fighting
 + Level 2.0 Armour
 + Level 2.1 Dodging
 + Level 0.3 Stealth
 + Level 2.9 Unarmed Combat


You had 2 spell levels left.
You didn't know any spells.
Your spell library was empty.

Dungeon Overview and Level Annotations

Branches:
Dungeon (2/15)

Altars:


Innate Abilities, Weirdness & Mutations

You are slightly more attuned to the shadows.
You regenerate a little health from kills.


Message History

You are too injured to fight recklessly!
The gnoll hits you from afar with a +0 vampiric spear.
There is a stone staircase leading up here.
You feel a strong urge to attack something.
You climb upwards.
You are no longer berserk.
You are exhausted.
You feel yourself slow down.
There is a stone staircase leading down here.
You are too injured to fight recklessly!
You are too injured to fight recklessly!
You are too injured to fight recklessly!
You hit the gnoll.
The gnoll is lightly wounded.
The gnoll completely misses you. The gnoll hits you with a +0 whip.
* * * LOW HITPOINT WARNING * * *
You closely miss the gnoll.
The gnoll is lightly wounded.
The gnoll hits you with a +0 whip!
You die...

##...............#.##.......#
#
#.####.......##.#.......####
# #.####.....#.##.#####...# #
#.##..........#.# #...# #
#.##.#.###......# #...# ##
##.##.#.# #....#.# #...# #.
........# #......# #...# #.
.......##
##.#.#######...#######.
.......#
#..#.@g...............
.....#.#
#.###.................
....[..#
#..#..................
.......#
#.#.#######...###.....
.......# #.### #...# ##.#.#
######## ##.# #...# ###..
#..# #...# ### ###### #.##
####...# .....# #.# #......##


You could see a gnoll.

Vanquished Creatures
  An ooze (D:1)
  A dart slug (D:1)
  2 bats (D:1)
  A giant cockroach (D:1)
  3 hobgoblins (D:1)
  3 jackals (D:1)
  2 frilled lizards (D:1)
  4 goblins (D:1)
  4 rats (D:1)
21 creatures vanquished.

Notes
Turn   | Place    | Note
-------+----------+-------------------------------------------
     0 | D:1      | Iamsoldier the Demonspawn Berserker began the quest for the
                  | Orb.
     0 | D:1      | Reached XP level 1. HP: 18/18 MP: 1/1
   346 | D:1      | Gained mutation: You are slightly more attuned to the
                  | shadows. [demonic ancestry]
   346 | D:1      | Reached XP level 2. HP: 23/24 MP: 2/2
  1167 | D:1      | Gained mutation: You regenerate a little health from kills.
                  | [demonic ancestry]
  1167 | D:1      | Reached XP level 3. HP: 26/29 MP: 3/3
  1256 | D:1      | Slain by a gnoll

Levels and vault maps discovered:
D:1:      dpeg_arrival_tiny_g, layout_loops_cross
D:2:      layout_rooms, grunt_dithmenos_smoke, lemuel_round_altar,
          fedhas_ov_isle_minmay, uniq_terence

Skill      XL: |  1  2 |
---------------+-------+-----
Armour         | 2 |  2.0
Dodging        | 2 |  2.1
Fighting       | |  3.5
Stealth        | |  0.3
Unarmed Combat | |  2.9

Action                   || total
-------------------------++-------
Melee: Unarmed           ||    89
Invok: Berserk           ||     3
  Use: Scroll            ||     3
 Stab: Sleeping          ||     2
  Eat: Chunk             ||     3
Armor: Animal skin       ||    16
Dodge: Dodged            ||    59
